Map: Acropolis LE

Players

Woah

  • Race: Terran Terran
  • Spawn Location: 5:00

CalipO - Winner!

  • Race: Zerg Zerg
  • League: Gold
  • Spawn Location: 11:00

VOD

Have the link to the VOD?

Description

Time

  • Played on: June 10, 2019, 8:20 a.m.
  • Length: 12:18
Show
View Real Time Build Order
Export as new Build Order

Woah Terran 

Build Orders:  

Get SALT Encoding   

  12  0:01  SCV  
  13  0:13  SCV  
  14  0:24  Supply Depot  
  14  0:30  SCV  
  15  0:50  Barracks  
  15  0:52  Barracks  
  15  1:07  Barracks  
  15  1:11  SCV  
  16  1:29  Supply Depot  
  16  1:37  Marine  
  16  1:39  Marine  
  18  1:47  Bunker  
  18  1:56  Marine  
  19  2:03  Marine  
  20  2:08  Bunker  
  20  2:09  Marine  
  21  2:17  Marine  
  22  2:24  Barracks  
  22  2:31  Marine x2  
  22  2:35  Marine  
  25  2:41  Bunker  
  25  2:50  Supply Depot  
  23  3:04  Marine  
  23  3:05  Marine x2  
  26  3:15  Marine  
  16  4:03  Bunker  
  16  4:04  Barracks  
  16  4:07  Barracks  
  16  4:08  Barracks  
  16  4:10  Orbital Command  
  16  4:11  Refinery  
  16  4:13  Refinery  
  14  4:39  SCV  
  15  4:47  Bunker, Marine  
  15  4:48  Marine x2  
  18  4:56  Marine x2  
  20  5:04  Barracks Tech Lab  
  20  5:05  Marine  
  21  5:10  SCV  
  22  5:15  Marine  
  23  5:29  Stimpack  
  23  5:33  SCV  
  23  5:47  Marine x2  
  25  5:50  Factory  
  25  5:51  Barracks Tech Lab  
  25  5:54  SCV  
  26  5:59  Barracks Tech Lab  
  26  6:02  Barracks Tech Lab  
  26  6:07  SCV  
  27  6:19  Marauder, SCV  
  27  6:24  Bunker  
  30  6:37  Starport  
  30  7:07  SCV  
  31  7:09  Combat Shield  
  31  7:14  Command Center  
  31  7:19  SCV  
  32  7:27  Bunker, Barracks Tech Lab  
  32  7:29  Marauder  
  34  7:31  SCV  
  35  7:41  Viking  
  37  7:49  Supply Depot  
  37  8:05  SCV  
  38  8:10  Siege Tank  
  41  8:25  Orbital Command  
  41  8:33  SCV  
  42  8:39  Engineering Bay  
  42  8:42  Barracks Reactor  
  42  8:45  SCV  
  43  8:48  Barracks Reactor  
  43  8:57  SCV  
  43  8:58  SCV  
  43  9:02  Marauder  
  47  9:04  Marine  
  47  9:09  Terran Infantry Weapons Level 1  
  48  9:10  SCV x2  
  50  9:42  SCV  
  51  9:47  Marauder  
  51  9:48  Marauder x3, Marine  
  62  9:53  Command Center, Supply Depot  
  62  9:55  Supply Depot  
  62  10:01  SCV, Marine  
  62  10:03  Starport Reactor  
  62  10:14  SCV x2  
  62  10:16  Marine  
  62  10:17  Marauder x2  
  62  10:18  Command Center  
  69  10:31  Engineering Bay, Refinery  
  69  10:33  Refinery  
  69  10:39  Medivac  
  69  10:41  Medivac  
  52  11:02  Marauder, Marine x2  
  52  11:03  Marauder, Marine x3  
  50  11:15  Siege Tank  
  53  11:22  Bunker  
  53  11:28  Marauder  
  57  11:46  Marauder, Marine x2  
  57  11:47  Marauder  
Show
View Real Time Build Order
Export as new Build Order

CalipO Zerg - Winner!

Build Orders: Hatch First 

Get SALT Encoding   

  12  0:00  Drone  
  13  0:13  Overlord  
  13  0:18  Drone  
  14  0:31  Drone x2  
  16  0:36  Drone  
  17  0:52  Hatchery  
  16  0:58  Drone  
  16  0:59  Drone  
  18  1:14  Spawning Pool  
  18  1:16  Drone  
  18  1:20  Drone  
  19  1:29  Drone  
  20  1:38  Extractor  
  19  1:40  Drone  
  20  2:02  Drone x2  
  20  2:03  Spine Crawler  
  20  2:04  Queen  
  23  2:09  Spine Crawler  
  23  2:10  Queen  
  23  2:11  Drone  
  25  2:21  Roach Warren  
  24  2:32  Zergling x8  
  28  2:50  Overlord  
  28  2:52  Queen  
  27  3:05  Overlord x2, Extractor  
  26  3:16  Drone x2  
  26  3:17  Drone x2  
  30  3:39  Roach x2  
  30  3:40  Roach x2  
  33  3:58  Roach  
  33  4:01  Ravager x2  
  36  4:04  Zergling x2  
  34  4:14  Drone  
  33  4:33  Drone x2  
  35  4:39  Hatchery  
  35  4:44  Roach  
  36  5:00  Roach  
  38  5:12  Roach  
  40  5:19  Lair  
  40  5:22  Roach x3  
  40  5:27  Overlord  
  46  5:54  Drone x3  
  46  5:55  Drone x3  
  52  6:08  Overlord  
  52  6:10  Overlord  
  52  6:25  Queen  
  52  6:28  Drone  
  52  6:29  Drone x5, Baneling Nest  
  58  6:39  Drone  
  60  6:40  Drone  
  60  6:48  Overlord  
  60  6:56  Drone x2  
  60  6:57  Drone x2  
  64  7:02  Drone  
  64  7:03  Drone  
  66  7:13  Hatchery  
  66  7:14  Drone x2  
  66  7:15  Extractor  
  66  7:17  Extractor  
  65  7:28  Drone x5  
  70  7:45  Roach x3  
  70  7:47  Overlord x2  
  76  7:51  Overseer  
  76  7:57  Overlord  
  76  8:04  Overlord x3  
  76  8:09  Evolution Chamber  
  76  8:10  Drone x2  
  76  8:11  Evolution Chamber  
  76  8:23  Roach x5  
  86  8:33  Roach x5  
  96  8:34  Glial Reconstitution  
  96  8:37  Zerg Missile Weapons Level 1  
  96  8:38  Zerg Ground Armor Level 1  
  98  8:48  Roach  
  98  8:49  Roach x3  
  104  9:17  Drone  
  104  9:18  Drone x11  
  116  9:28  Drone x2  
  118  9:41  Overlord x3  
  118  9:42  Overlord, Hatchery  
  117  9:54  Roach x2  
  117  9:59  Overlord x3, Spine Crawler  
  120  10:00  Hydralisk Den  
  120  10:01  Spine Crawler  
  120  10:06  Extractor x2  
  116  10:08  Drone x3  
  116  10:10  Drone x3  
  122  10:14  Queen  
  124  10:21  Overseer  
  124  10:22  Overseer  
  124  10:30  Hydralisk x5  
  112  11:02  Roach x10  
  112  11:03  Roach  
  134  11:08  Drone x4  
  134  11:09  Drone  
  134  11:11  Drone  
  136  11:12  Drone  
  135  11:19  Drone  
  135  11:20  Drone x3  
  135  11:22  Ravager  
  140  11:30  Drone  
  140  11:31  Drone x3  
  137  11:48  Roach x12  
  161  12:00  Ravager x7  
  162  12:15  Hatchery  
Tags
 
League
Gold
Matchup
TvZ
Replay Pack
r1
Spawn Locations
Cross Positions
Add a new tag
Caveats
  • Supply blocks, unpowered buildings, or Contaminate may cause inaccurate times.
  • Supply counts are checked every 10 seconds.